 Dungeon Crawl Stone Soup version 0.22.1-1-ga44c0e5 (webtiles) character file.

152 Fang the Skirmisher (level 5, -8/33 HPs)
             Began as a Gargoyle Berserker on Oct 24, 2018.
             Was a Believer of Trog.
             Mangled by Sigmund
             ... wielding a +0 scythe
              (10 damage)
             ... on level 3 of the Dungeon.
             The game lasted 00:02:27 (2957 turns).

Fang the Skirmisher (Gargoyle Berserker)            Turns: 2957, Time: 00:02:28

Health: -8/33      AC:  7    Str: 22    XL:     5   Next: 34%
Magic:  5/5        EV: 14    Int:  7    God:    Trog [**....]
Gold:   108        SH:  0    Dex:  9    Spells: 4/4 levels left

rFire    . . .     SeeInvis .   a - +0 hand axe
rCold    . . .     Gourm    .   (no shield)
rNeg     + . .     Faith    .   b - +0 animal skin
rPois    ∞         Spirit   .   g - +0 helmet (curse)
rElec    +         Reflect  .   (no cloak)
rCorr    .         Harm     .   (no gloves)
MR       .....     Rnd*Tele +   (no boots)
Stlth    +.........             p - amulet of inaccuracy (curse)
HPRegen  0.11/turn              h - +2 ring of evasion
MPRegen  0.09/turn              k - ring of teleportation (curse)

@: berserk cooldown, slowed, very slow
A: negative energy resistance 1, electricity resistance, unbreathing,
petrification resistance, rot immunity, AC +4
a: Berserk, Trog's Hand, Renounce Religion


You were on level 3 of the Dungeon.
You worshipped Trog.
Trog was pleased with you.
You were very hungry.

You visited 1 branch of the dungeon, and saw 3 of its levels.

You collected 108 gold pieces.

Inventory:

Hand Weapons
 a - a +0 hand axe (weapon)
Armour
 b - a +0 animal skin (worn)
 g - a cursed +0 helmet (worn)
Jewellery
 h - a +2 ring of evasion (left hand)
 k - a cursed ring of teleportation (right hand)
 p - a cursed amulet of inaccuracy (around neck)
Wands
 o - a wand of paralysis (21)
Scrolls
 d - 2 scrolls of enchant armour {unknown}
 e - a scroll of identify {unknown}
 f - 2 scrolls of remove curse {unknown}
 i - a scroll of fear {unknown}
Potions
 j - a potion of heal wounds {unknown}
 l - a potion of might {unknown}
 m - a potion of lignification {unknown}
 n - a potion of curing {unknown}
Comestibles
 c - 5 rations


   Skills:
 + Level 4.2 Fighting
 + Level 4.1 Axes
 + Level 2.3 Armour
 + Level 2.4 Dodging
 + Level 1.3 Stealth


You had 4 spell levels left.
You didn't know any spells.
Your spell library was empty.

Dungeon Overview and Level Annotations

Branches:
Dungeon (3/15)

Altars:

Annotations:
D:3 Sigmund


Innate Abilities, Weirdness & Mutations

You are resistant to torment.
Your stone body is resilient. (AC +4)
You are immune to poison.
You resist negative energy. (rN+)
You are resistant to electric shocks. (rElec)
You can survive without breathing.
You are immune to petrification.
You are immune to rotting.


Message History

Something tries to affect you, but you resist.
You hit something. You hit something but do no damage.
You are no longer berserk.
You are exhausted.
You feel yourself slow down. Something hits you but does no damage.
You completely miss something.
You hear some strange, mumbled words.
A puff of flame appears from out of thin air!
The puff of flame hits you!
You hit something. Something hits you but does no damage. Something hits you.
You barely miss something. Something hits you!
You miss something. Something barely misses you.
You closely miss something. Something hits you.
You miss something. Something hits you!
* * * LOW HITPOINT WARNING * * *
You hit something but do no damage. Something hits you.
* * * LOW HITPOINT WARNING * * *
You closely miss something. Something hits you!
You die...

#.# #....)
#)# #.# . #.#
..
#.###.####...
#............
#####........
#?......#
#@......#
#{......#
#........
#........
#######.. ..


There were no monsters in sight!

Vanquished Creatures
  A centaur zombie (D:2)
  4 gnolls (D:3)
  2 adders
  3 worms
  2 dart slugs (D:1)
  A leopard gecko (D:1)
  An orc (D:3)
  2 giant cockroaches
  5 goblins
  8 hobgoblins
  3 jackals (D:2)
  7 kobolds
  3 bats
  2 frilled lizards
  8 rats
52 creatures vanquished.

Notes
Turn   | Place    | Note
-------+----------+-------------------------------------------
     0 | D:1      | Fang the Gargoyle Berserker began the quest for the Orb.
     0 | D:1      | Reached XP level 1. HP: 14/14 MP: 1/1
   111 | D:1      | Reached XP level 2. HP: 11/19 MP: 2/2
   687 | D:1      | Reached XP level 3. HP: 23/24 MP: 3/3
  1112 | D:2      | Reached ** piety under Trog
  1171 | D:2      | Reached XP level 4. HP: 4/29 MP: 4/4
  2298 | D:3      | Reached skill level 1 in Stealth
  2526 | D:3      | Reached XP level 5. HP: 21/33 MP: 5/5
  2935 | D:3      | Noticed Sigmund
  2956 | D:3      | HP: 1/33 [something (4)]
  2957 | D:3      | Mangled by Sigmund

Skill      XL: |  1  2  3  4  5 |
---------------+----------------+-----
Axes           | 3 4 |  4.1
Fighting       | 4 |  4.2
Dodging        | 2 |  2.4
Stealth        | 1 |  1.3
Armour         | |  2.3

Action                   |  1- 3 |  4- 6 || total
-------------------------+-------+-------++-------
Melee: Hand axe          |   106 |   116 ||   222
Invok: Berserk           |       |     2 ||     2
 Stab: Sleeping          |     1 |     2 ||     3
  Eat: Chunk             |     1 |     6 ||     7
Armor: Animal skin       |    37 |    34 ||    71
Dodge: Dodged            |    79 |    79 ||   158
